 Dungeon Crawl Stone Soup version 0.29-a0-823-gc37b1572da (webtiles) character file.

Game seed: 4307130915742277555

12513 RevDB the Zephyrmancer (level 11, -4/63 HPs)
             Began as a Tengu Air Elementalist on July 8, 2022.
             Was an Elder of Vehumet.
             Shot with an arrow by a centaur (6 damage)
             ... on level 11 of the Dungeon.
             The game lasted 02:46:14 (11978 turns).

RevDB the Zephyrmancer (Tengu Air Elementalist)    Turns: 11978, Time: 02:46:15

Health: -4/63      AC:  4    Str:  8    XL:     11   Next: 94%
Magic:  25/30      EV: 26    Int: 24    God:    Vehumet [****..]
Gold:   699        SH:  0    Dex: 19    Spells: 7/22 levels left

rFire   . . .      SeeInvis .   z - +11 long sword of Doehavuh {freeze, Contam rN+ Int+4 Dex+4}
rCold   . . .      Faith    +   (no shield)
rNeg    + . .      Spirit   .   H - +2 leather armour {Will+}
rPois   .          Reflect  .   Q - +0 hat
rElec   .          Harm     .   n - +1 cloak
rCorr   .          Rampage  .   (no gloves)
Will    +....                   (boots unavailable)
Stlth   +.........              l - amulet of faith
HPRegen 0.20/turn               J - +4 ring of evasion
MPRegen 0.22/turn               a - ring of magical power

@: confused, marked, corroded, flying quickly and evasively, quick
A: beak, talons 3, nimble flight
a: Renounce Religion


You were on level 11 of the Dungeon.
You worshipped Vehumet.
Vehumet was greatly pleased with you.
You visited 2 branches of the dungeon, and saw 12 of its levels.
You also visited: Sewer.

You collected 699 gold pieces.

Inventory:

Hand Weapons
 k - a +1 spear of venom
 z - the +11 long sword of Doehavuh (weapon) {freeze, Contam rN+ Int+4 Dex+4}
   (You found it on level 10 of the Dungeon)

   It freezes those it strikes, dealing additional cold damage.
   It can also slow down cold-blooded creatures.
   Int:       It affects your intelligence (+4).
   Dex:       It affects your dexterity (+4).
   rN:        It protects you from negative energy.
   Contam:    It causes magical contamination when unequipped.
 R - a +3 short sword
 S - a +3 mace of freezing
Armour
 e - a +2 scale mail of positive energy
 j - the +2 pair of gloves "Siurph" {+Inv rC+ Will+ Dex-3}
   (You found it on level 9 of the Dungeon)

   Dex:       It affects your dexterity (-3).
   rC:        It protects you from cold.
   +Inv:      It lets you turn invisible.
   Will:      It increases your willpower.
 n - a +1 cloak (worn)
 H - a +2 leather armour of willpower (worn)
 Q - a +0 hat (worn)
 V - a +0 robe of cold resistance
 W - +0 swamp dragon scales
 Y - a +0 plate armour
Jewellery
 a - a ring of magical power (right hand)
 c - a ring of magical power
 l - an amulet of faith (around neck)
 A - a +6 ring of intelligence
 F - a ring of poison resistance
 J - a +4 ring of evasion (left hand)
 N - a ring of fire
 T - an amulet of regeneration
Wands
 G - a wand of acid (22)
 U - a wand of polymorph (12)
 X - a wand of roots (9)
 Z - a wand of paralysis (4)
Scrolls
 h - a scroll of brand weapon
 i - 4 scrolls of vulnerability
 o - 2 scrolls of blinking {unknown}
 s - 8 scrolls of fear
 t - a scroll of enchant armour
 v - 2 scrolls of fog {unknown}
 w - a scroll of torment {unknown}
 x - 2 scrolls of amnesia
 y - 4 scrolls of immolation
 B - 5 scrolls of teleportation {unknown}
 C - 4 scrolls of magic mapping {unknown}
 K - 3 scrolls of noise {unknown}
 M - 2 scrolls of enchant weapon {unknown}
 O - 2 scrolls of poison {unknown}
Potions
 b - 2 potions of magic
 d - 4 potions of degeneration
 f - 3 potions of mutation
 g - a potion of invisibility {unknown}
 m - 3 potions of might {unknown}
 p - 6 potions of curing
 q - 2 potions of lignification {unknown}
 r - a potion of heal wounds {unknown}
 u - 4 potions of haste
 D - 7 potions of flight
 E - 2 potions of resistance {unknown}
 I - 3 potions of cancellation {unknown}
 L - a potion of ambrosia {unknown}
 P - 4 potions of attraction {unknown}


   Skills:
 - Level 5.0 Fighting
 + Level 8.2 Armour
 - Level 11.0 Dodging
 - Level 2.0 Stealth
 - Level 6.0 Spellcasting
 - Level 9.0 Conjurations
 - Level 13.0 Air Magic


You had 7 spell levels left.
You knew the following spells:

 Your Spells              Type           Power      Damage    Failure   Level
a - Shock                 Conj/Air       100%       1d9       1%          1
b - Static Discharge      Conj/Air       56%        3-10/arc  1%          2
c - Airstrike             Air            31%        0-10+     1%          4
d - Swiftness             Air            62%        N/A       1%          3
e - Mephitic Cloud        Conj/Pois/Air  42%        N/A       1%          3
f - Poisonous Vapours     Pois/Air       76%        N/A       1%          2

Your spell library contained the following spells:

 Spells                   Type           Power      Damage    Failure   Level
 Irradiate                Conj/Tmut      14%        3d18      12%         5
 Conjure Flame            Conj/Fire      28%        6-21      1%          3
 Freeze                   Ice            28%        1d5       3%          1
 Hailstorm                Conj/Ice       28%        3d8       4%          4
 Sticky Flame             Conj/Fire      28%        2d5       4%          4
 Freezing Cloud           Conj/Ice/Air   21%        6-21      4%          5
 Frozen Ramparts          Ice            14%        1d3       9%          3
 Ignite Poison            Fire/Tmut/Pois 7%         N/A       9%          3
 Summon Small Mammal      Summ           28%        N/A       11%         1
 Call Canine Familiar     Summ           7%         N/A       30%         3
 Gell's Gravitas          Tloc           7%         N/A       30%         3
 Summon Guardian Golem    Hex/Summ       7%         N/A       30%         3
 Teleport Other           Tloc           7%         N/A       30%         3
 Cause Fear               Hex            3%         N/A       71%         4
 Summon Forest            Summ/Tloc      3%         N/A       96%         5
 Eringya's Noxious Bog    Tmut/Pois      3%         N/A       97%         6
 Dispersal                Tloc           3%         N/A       100%        6
 Dragon Form              Tmut           3%         N/A       100%        7
 Summon Hydra             Summ           3%         N/A       100%        7
 Dragon's Call            Summ           3%         N/A       100%        9


Dungeon Overview and Level Annotations

Branches:
Dungeon (11/15)            Temple (1/1) D:5             Orc (0/2) D:10
  Sewer (visited)
   Lair: D:8-11

Altars:
Ashenzari
Cheibriados
Dithmenos
Elyvilon
Fedhas
Gozag
Hepliaklqana
Kikubaaqudgha
Makhleb
Nemelex Xobeh
Okawaru
Qazlal
Ru
Sif Muna
Trog
Uskayaw
Vehumet
Wu Jian
Xom
Yredelemnul
Zin
The Shining One

Shops:
D:4 =   D:6 !

Annotations:
D:11 Maurice


Innate Abilities, Weirdness & Mutations

You have a beak for a mouth.
You have claws for feet.
Your magical nature lets you fly swiftly and evasively.


Message History

The acid dragon spits acid at you. The splash of acid hits you!
* * * LOW HITPOINT WARNING * * *
The acid corrodes you!
Maurice gestures wildly while chanting.
Maurice blinks!
The centaur unwields a +0 shortbow.
The centaur closely misses you. The centaur kicks you.
* * * LOW HITPOINT WARNING * * *
The centaur wields a +0 shortbow.
The centaur shoots an arrow.
The arrow completely misses you.
The arrow hits the centaur.
Maurice moves out of view.
Magic courses through your body. The centaur completely misses you.
The centaur kicks you but does no damage.
The centaur shoots an arrow.
The arrow misses you.
The centaur hits you but does no damage.
The centaur misses you. The vampire mosquito misses you. The centaur hits you.
* * * LOW HITPOINT WARNING * * *
The centaur misses you. The vampire mosquito misses you.
Casting: Mephitic Cloud (safe; 1% risk of failure)
Confirm with . or Enter, or press ? or * to list all spells.
Aiming: Mephitic Cloud (safe; 1% risk of failure)
Press: ? - help, Shift-Dir - straight line, f - you That beam is likely to hit you.
Continue anyway?
Uppercase [Y]es or [N]o only, please.
That beam is likely to hit you.
Continue anyway?
The ball explodes into a vile cloud!
The stinking cloud engulfs you but does no damage.
The stinking cloud engulfs the centaur but does no damage. x2
The centaur is moderately wounded.
The stinking cloud engulfs the vampire mosquito but does no damage.
The stinking cloud engulfs the yak but does no damage.
The stinking cloud engulfs the vampire mosquito but does no damage.
The vampire mosquito is lightly damaged.
You are engulfed in noxious fumes.
You choke on the stench!
You are confused.
The vampire mosquito barely misses you.
The centaur is engulfed in noxious fumes.
The centaur appears confused.
The centaur completely misses you. The centaur misses you.
The centaur shoots an arrow.
The arrow hits you.
You die...

#### ..! ########### #.#
#....#≈≈≈≈## #.##
c#....c...≈.####..######.
.'.....≈≈≈≈.○○Y([.........
#..c...c...§@c##..###.≈..
#....(D.).cyy###<.......
.≈≈.c)..c......# #..##..≈≈
≈.##########..## ##.# ≈.
##+# .# .. ..# ... .#.#


You could see a yak, an acid dragon, 2 vampire mosquitoes and 5 centaurs.

Vanquished Creatures
  A boulder beetle (D:11)
  2 two-headed ogres (D:10)
  Sonja (D:10)
  Pikel (D:4)
  Psyche (D:8)
  2 trolls (D:10)
  A hornet (D:9)
  Grinder (D:6)
  A wyvern (D:8)
  23 yaks
  2 shadows (D:10)
  2 steam dragons
  A water moccasin (D:4)
  A sky beast (D:7)
  5 orc warriors
  A boggart (D:8)
  4 ogres
  3 centaurs
  3 lemures (D:5)
  2 kobold brigands
  Blork the orc (D:5)
  3 bullfrogs
  2 necrophages (D:8)
  2 gnoll sergeants
  5 scorpions
  9 wights
  A troll zombie (D:10)
  A howler monkey (D:8)
  A hound (D:5)
  3 orc priests
  2 gnoll boudas (D:6)
  A jelly (D:6)
  Ijyb (D:5)
  4 iguanas
  11 orc wizards
  7 ogre zombies (D:10)
  21 gnolls
  16 adders
  4 river rats
  2 shadow imps (D:7)
  6 worms
  3 dart slugs
  30 orcs
  13 ball pythons
  11 bats
  8 endoplasms
  10 giant cockroaches
  7 goblins
  10 hobgoblins
  7 jackals
  6 quokkas
  4 frilled lizards
  2 goblin skeletons (D:10)
  4 goblin zombies (D:10)
  3 hobgoblin skeletons (D:10)
  3 hobgoblin zombies (D:10)
  11 kobolds
  3 orc skeletons (D:10)
  9 orc zombies (D:10)
  7 rats
312 creatures vanquished.

Vanquished Creatures (others)
  Harold (D:11)
  3 plants (D:4)
4 creatures vanquished.

Grand Total: 316 creatures vanquished

Notes
Turn   | Place    | Note
-------+----------+-------------------------------------------
     0 | D:1      | RevDB the Tengu Air Elementalist began the quest for the
                  | Orb.
     0 | D:1      | Reached XP level 1. HP: 10/10 MP: 4/4
    23 | D:1      | Found a faded altar of an unknown god.
   186 | D:1      | Reached XP level 2. HP: 15/15 MP: 6/6
   306 | D:1      | Reached skill level 1 in Armour
   386 | D:1      | Reached XP level 3. HP: 18/19 MP: 7/7
  1148 | D:2      | Reached skill level 5 in Air Magic
  1149 | D:2      | Reached XP level 4. HP: 14/24 MP: 8/8
  1159 | D:2      | Learned a level 2 spell: Static Discharge
  1456 | D:2      | Gained mutation: Your magical nature lets you fly swiftly
                  | and evasively. [Tengu growth]
  1456 | D:2      | Reached XP level 5. HP: 25/28 MP: 9/9
  1904 | D:2      | Reached skill level 1 in Fighting
  2386 | D:3      | Learned a level 4 spell: Airstrike
  2740 | D:4      | Found Qerilurchui's Jewellery Boutique.
  2748 | D:4      | Reached XP level 6. HP: 34/34 MP: 11/11
  2752 | D:4      | Learned a level 3 spell: Swiftness
  2795 | D:4      | Reached skill level 6 in Air Magic
  3020 | D:4      | Reached XP level 7. HP: 35/40 MP: 12/12
  3100 | D:4      | Found a glowing drain.
  3104 | Sewer    | Entered a sewer
  3405 | Sewer    | Reached skill level 7 in Air Magic
  3875 | D:4      | Reached skill level 5 in Armour
  3899 | D:4      | HP: 1/40 [poisoned by a water moccasin]
  4460 | D:5      | Entered Level 5 of the Dungeon
  4465 | D:5      | Reached XP level 8. HP: 44/44 MP: 13/13
  4505 | D:5      | Noticed Pikel
  4558 | D:4      | Killed Pikel
  4559 | D:4      | Reached skill level 5 in Conjurations
  4559 | D:4      | Reached skill level 5 in Dodging
  4906 | D:5      | Noticed Blork the orc
  4909 | D:5      | Killed Blork the orc
  4913 | D:5      | Noticed Ijyb
  4922 | D:5      | Killed Ijyb
  4957 | D:5      | Learned a level 3 spell: Mephitic Cloud
  5096 | D:5      | Noticed a yak
  5097 | D:5      | Noticed a yak
  5097 | D:5      | Noticed a yak
  5097 | D:5      | Noticed a yak
  5097 | D:5      | Noticed a yak
  5099 | D:5      | Found a staircase to the Ecumenical Temple.
  5100 | D:5      | Noticed a yak
  5106 | D:5      | Killed a yak
  5106 | D:5      | Killed a yak
  5107 | D:5      | Reached skill level 8 in Air Magic
  5107 | D:5      | Reached XP level 9. HP: 31/52 MP: 9/14
  5121 | D:5      | Reached skill level 9 in Air Magic
  5260 | Temple   | Entered the Ecumenical Temple
  5276 | Temple   | Became a worshipper of Vehumet
  5930 | D:6      | Reached skill level 10 in Air Magic
  5943 | D:6      | Found an iron altar of Okawaru.
  5943 | D:6      | Noticed Grinder
  5951 | D:6      | Found a shimmering blue altar of Sif Muna.
  5954 | D:6      | Killed Grinder
  6395 | D:6      | Found Kaiwir's Distillery.
  6800 | D:7      | Reached XP level 10. HP: 56/56 MP: 8/17
  6879 | D:7      | Reached * piety under Vehumet
  6879 | D:7      | Offered knowledge of Sandblast by Vehumet.
  7350 | D:8      | Reached skill level 11 in Air Magic
  8103 | D:8      | Noticed Psyche
  8110 | D:8      | Killed Psyche
  8323 | D:8      | Noticed Maggie
  8346 | D:8      | Noticed Maggie
  8346 | D:8      | Maggie changed into Maggie the boggart
  8395 | D:8      | Killed Maggie the boggart
  8396 | D:8      | Reached skill level 5 in Spellcasting
  9015 | D:8      | Offered knowledge of Poisonous Vapours by Vehumet.
  9019 | D:8      | Learned a level 2 spell: Poisonous Vapours
  9377 | D:9      | Identified the +2 pair of gloves "Siurph" {+Inv rC+ Will+
                  | Dex-3}
  9419 | D:9      | Reached ** piety under Vehumet
  9435 | D:9      | Reached skill level 5 in Fighting
  9443 | D:9      | Reached skill level 10 in Dodging
  9443 | D:9      | Reached XP level 11. HP: 7/63 MP: 3/19
  9872 | D:9      | Reached skill level 12 in Air Magic
 10140 | D:9      | Offered knowledge of Stone Arrow by Vehumet.
 10523 | D:10     | Entered Level 10 of the Dungeon
 10557 | D:10     | Identified the +11 long sword of Doehavuh {freeze, Contam
                  | rN+ Int+4 Dex+4}
 10595 | D:10     | Noticed a two-headed ogre
 10609 | D:10     | Killed a two-headed ogre
 10665 | D:10     | Found a shimmering altar of Xom.
 10668 | D:10     | Found a bloodstained altar of Trog.
 10759 | D:10     | Reached *** piety under Vehumet
 10801 | D:10     | Noticed Sonja
 10804 | D:10     | Killed Sonja
 10859 | D:10     | Offered knowledge of Iskenderun's Mystic Blast by Vehumet.
 10872 | D:10     | Found a staircase to the Orcish Mines.
 11123 | D:10     | Reached **** piety under Vehumet
 11127 | D:10     | HP: 2/63 [/static electricity (5)]
 11536 | D:10     | Noticed a two-headed ogre
 11563 | D:10     | Killed a two-headed ogre
 11628 | D:10     | Identified the +0 leather armour of Dishonour {rC+ Will+
                  | Slay+2}
 11684 | D:10     | Offered knowledge of Irradiate by Vehumet.
 11818 | D:11     | Noticed Harold
 11895 | D:11     | Noticed a boulder beetle
 11905 | D:11     | Killed a boulder beetle
 11965 | D:11     | Killed Harold
 11966 | D:11     | Reached skill level 13 in Air Magic
 11976 | D:11     | Noticed Maurice
 11977 | D:11     | HP: 2/63 [centaur (2)]
 11978 | D:11     | Shot with an arrow by a centaur

Illustrated notes

Levels and vault maps discovered:
D:1:      minmay_arrival_plants_in_alcoves, layout_basic,
          basic_ecumenical_altar, st_stairs_9, minmay_distorted
D:2:      layout_basic, minmay_misc_feat_columns
D:3:      layout_basic
D:4:      layout_gridville, serial_shops, shop, gup_sewer_entry_spiral,
          guppyfry_early_lair_pool
D:5:      layout_loops_corners, minmay_temple_entry_large_hall, uniq_pikel,
          uniq_ijyb, uniq_blork_the_orc
D:6:      layout_rooms, grunt_temple_overflow_open, serial_shops,
          nicolae_shop_advertising_works [nicolae_subvault_shop_adworks],
          minmay_diced_spiral, uniq_grinder
D:7:      layout_gridville
D:8:      layout_loops_corners, uniq_maggie, uniq_psyche
D:9:      wander_river, layout_cave_pools, nicolae_fountain_basement
D:10:     layout_roguey, chequers_temple_overflow_statue_of_worship,
          zombieorc2_lemuel, uniq_sonja
D:11:     minmay_the_grid_square_5x5_3x3 [minmay_the_grid_square_5x5_c,
          minmay_the_grid_square_5x5_checkered_statues,
          minmay_the_grid_square_5x5_eight_small, minmay_the_grid_square_5x5_v,
          minmay_the_grid_square_5x5_megaprize_checkered,
          minmay_the_grid_square_5x5_lines, minmay_the_grid_square_5x5_detours,
          minmay_the_grid_square_5x5_minimal,
          minmay_the_grid_square_5x5_two_walls_b], layout_basic,
          lair_entry_dummy, serial_rivers, chequers_serial_rivers_micro_e,
          chequers_serial_rivers_micro_d, chequers_serial_rivers_small_b,
          chequers_serial_rivers_micro_c, serial_shops,
          nicolae_shop_hallway_plus, special_room [special_room_orc],
          serial_bayou_ford_a, uniq_harold, uniq_snorg, uniq_maurice
Temple:   nicolae_temple_two_arcs

Skill      XL: |  1  2  3  4  5  6  7  8  9 10 11 |
---------------+----------------------------------+-----
Dodging        | 3 4 5 7 10 11 | 11.0
Armour         | 2 3 4 5 7 8 |  8.2
Air Magic      | 5 6 7 8 10 11 13 | 13.0
Fighting       | 1 2 4 5 |  5.0
Spellcasting   | 3 4 5 6 |  6.0
Conjurations   | 4 5 6 9 |  9.0
Stealth        | |  2.0

Action                   |  1- 3 |  4- 6 |  7- 9 | 10-12 || total
-------------------------+-------+-------+-------+-------++-------
Melee: Unarmed           |     3 |       |       |       ||     3
       Peck              |     1 |     4 |    11 |     8 ||    24
       Spear             |     2 |    40 |    29 |       ||    71
       Kick              |     1 |     8 |     7 |    12 ||    28
       Punch             |       |     1 |       |     1 ||     2
       Whip              |       |       |    14 |     2 ||    16
       Mace              |       |       |       |    24 ||    24
       Long sword        |       |       |       |    21 ||    21
 Cast: Shock             |    69 |    88 |   153 |   132 ||   442
       Static Discharge  |       |     8 |    18 |    28 ||    54
       Airstrike         |       |     5 |    25 |    54 ||    84
       Mephitic Cloud    |       |       |     5 |    19 ||    24
       Swiftness         |       |       |     2 |     2 ||     4
       Poisonous Vapours |       |       |       |    11 ||    11
Evoke: Wand              |       |       |       |     1 ||     1
  Use: Scroll            |       |     3 |     5 |       ||     8
       Potion            |       |       |     1 |     1 ||     2
 Stab: Sleeping          |       |       |     3 |     1 ||     4
Armor: Ring mail         |    10 |    10 |       |       ||    20
       Robe              |       |    10 |       |       ||    10
       Leather armour    |       |       |    11 |    17 ||    28
Dodge: Dodged            |    19 |    31 |    65 |   198 ||   313

Table legend: (Time is in decaauts)
 A = Elapsed time spent in this place.
 B = Non-inter-level travel time spent in this place.
 C = Inter-level travel time spent in this place.
 D = Time resting spent in this place.
 E = Time spent auto-exploring this place.
 F = Levels seen in this place.
 G = Mean time per level.
                   A        B        C        D        E       F      G
               +--------+--------+--------+--------+--------+-----+--------+
         Total |  11377 |  11150 |    227 |   2821 |   1706 |  13 |  875.2 |
       Dungeon |  10775 |  10548 |    227 |   2779 |   1632 |  11 |  979.5 |
        Temple |     73 |     73 |      0 |      0 |      0 |   1 |   73.0 |
         Sewer |    528 |    528 |      0 |     42 |     74 |   1 |  528.0 |
               +--------+--------+--------+--------+--------+-----+--------+

Top non-repeatable levels by time:
     D:8: 2159 daAuts
     D:4: 1217 daAuts
     D:5: 1184 daAuts
     D:2: 1059 daAuts
    D:10: 1009 daAuts
     D:9: 972 daAuts
     D:1: 918 daAuts
     D:7: 903 daAuts
     D:3: 646 daAuts
     D:6: 615 daAuts
   Sewer: 528 daAuts
    D:11: 88 daAuts
  Temple: 73 daAuts
